 Dungeon Crawl Stone Soup version 0.28.0-45-g0d030f2227 (webtiles) character file.

Game seed: 14692749508217100995

15508 pkoi the Zephyrmancer (level 11, -6/79 HPs)
             Began as a Demigod Air Elementalist on Apr 21, 2022.
             Engulfed by a cloud of flame (12 damage)
             ... on level 4 of the Lair of Beasts.
             The game lasted 00:34:57 (25485 turns).

pkoi the Zephyrmancer (Demigod Air Elementalist)   Turns: 25485, Time: 00:34:57

Health: -6/79      AC: 14    Str: 12    XL:     11   Next: 70%
Magic:  2/20       EV: 11    Int: 29    God:
Gold:   638        SH:  0    Dex: 16    Spells: 0/18 levels left

rFire   . . .      SeeInvis .   B - +4 quick blade "Lesin" {freeze, rN+ Will+}
rCold   + + .      Faith    .   (no shield)
rNeg    + . .      Spirit   .   f - +5 ring mail {rC+}
rPois   +          Reflect  .   j - +0 helmet
rElec   .          Harm     .   (no cloak)
rCorr   .          Rampage  .   (no gloves)
Will    ++...                   G - +0 pair of boots
Stlth   ++........              (no amulet)
HPRegen 0.23/turn               e - ring of wizardry
MPRegen 0.17/turn               I - ring "Moyng" {rPois rC+ Str+3 Dex+2}

@: swift, very quick
A: high MP 1, forlorn, divine attributes
a: no special abilities


You were on level 4 of the Lair of Beasts.
You visited 2 branches of the dungeon, and saw 14 of its levels.
You also visited: Ossuary.

You collected 638 gold pieces.

Inventory:

Hand Weapons
 b - a +0 club
 d - a +0 short sword
 o - a +3 dagger of flaming
 t - a +2 hand axe of venom
 B - the +4 quick blade "Lesin" (weapon) {freeze, rN+ Will+}
   (You found it on level 8 of the Dungeon)

   It freezes those it strikes, dealing additional cold damage.
   It can also slow down cold-blooded creatures.
   rN:        It protects you from negative energy.
   Will:      It increases your willpower.
Missiles
 p - a throwing net
 r - 10 poisoned darts
 x - 2 datura-tipped darts
 L - 2 curare-tipped darts
Armour
 f - a +5 ring mail of cold resistance (worn)
 j - a +0 helmet (worn)
 G - a +0 pair of boots (worn)
Magical Staves
 F - a staff of conjuration
Jewellery
 e - a ring of wizardry (left hand)
 i - the amulet "Jymm" {Spirit Will- Int+4 Dex+5}
   (You found it on level 8 of the Dungeon)

   [amulet of guardian spirit]

   It causes incoming damage to be divided between your reserves of health and
   magic.
   Int:       It affects your intelligence (+4).
   Dex:       It affects your dexterity (+5).
   Will:      It decreases your willpower.
 y - an amulet of guardian spirit
 I - the ring "Moyng" (right hand) {rPois rC+ Str+3 Dex+2}
   (You found it on level 9 of the Dungeon)

   [ring of protection from cold]

   Str:       It affects your strength (+3).
   Dex:       It affects your dexterity (+2).
   rC:        It protects you from cold.
   rPois:     It protects you from poison.
 R - a ring of willpower
Wands
 a - a wand of acid (4)
 H - a wand of flame (15)
 J - a wand of paralysis (4)
Scrolls
 g - a scroll of torment
 w - 2 scrolls of teleportation
 C - 2 scrolls of enchant weapon
 D - 2 scrolls of enchant armour
 O - a scroll of amnesia
 P - 2 scrolls of fog
 Q - a scroll of identify
Potions
 c - 3 potions of haste
 h - 6 potions of heal wounds
 k - 7 potions of flight {unknown}
 l - 2 potions of ambrosia
 m - 4 potions of berserk rage
 q - 2 potions of lignification
 s - 8 potions of curing {unknown}
 u - 2 potions of cancellation
 z - 2 potions of brilliance
 A - a potion of attraction
 E - 3 potions of might
 N - a potion of magic {unknown}


   Skills:
 + Level 2.2 Fighting
 - Level 9.1 Armour
 + Level 3.1 Dodging
 - Level 5.0 Stealth
 - Level 4.0 Spellcasting
 + Level 5.1 Conjurations
 + Level 5.6 Hexes
 + Level 5.3 Fire Magic
 + Level 10.8 Air Magic


You couldn't memorise any spells.
You knew the following spells:

 Your Spells              Type           Power      Damage    Failure   Level
a - Shock                 Conj/Air       100%       1d9       1%          1
b - Swiftness             Air            62%        N/A       1%          3
c - Static Discharge      Conj/Air       51%        N/A       1%          2
d - Airstrike             Air            31%        N/A       1%          4
e - Inner Flame           Hex/Fire       37%        N/A       1%          3
f - Lightning Bolt        Conj/Air       25%        1d41      6%          5

Your spell library contained the following spells:

 Spells                   Type           Power      Damage    Failure   Level
 Foxfire                  Conj/Fire      100%       2x1d9     1%          1
 Magic Dart               Conj           100%       1d8       1%          1
 Conjure Flame            Conj/Fire      36%        6-21      1%          3
 Dazzling Flash           Conj/Hex       72%        N/A       1%          3
 Animate Skeleton         Necr           10%        N/A       5%          1
 Pain                     Necr           20%        1d5       5%          1
 Silence                  Hex/Air        26%        N/A       5%          5
 Flame Wave               Conj/Fire      36%        2d9       6%          4
 Sticky Flame             Conj/Fire      36%        2d6       6%          4
 Passwall                 Tmut/Erth      4%         N/A       9%          2
 Vampiric Draining        Necr           5%         2d6       16%         3
 Freezing Cloud           Conj/Ice/Air   18%        6-21      16%         5
 Agony                    Necr           5%         N/A       78%         5
 Maxwell's Capacitive Co  Air            31%        ∞         98%         8
 Chain Lightning          Conj/Air       25%        3d34      100%        9
 Fire Storm               Conj/Fire      18%        8d5       100%        9


Dungeon Overview and Level Annotations

Branches:
Dungeon (10/15)            Temple (0/1) D:7            Lair (3/6) D:9
 Spider (0/4) Lair:2          Orc (0/2) D:9         Ossuary (visited)
  Swamp: Lair:2-4    Shoals: Lair:2-4

Shops:
D:8 =   D:9 **

Annotations:
Lair:1 1 runed translucent door, pkoi's ghost, journeyman DgAr


Innate Abilities, Weirdness & Mutations

You have an increased reservoir of magic. (+10% MP)
You shall have no god before yourself.
Your divine heritage dramatically boosts your attributes as you level up.


Message History

Unknown command.
Casting: Swiftness (safe; 1% risk of failure)
Confirm with . or Enter, or press ? or * to list all spells.
The elephant is struck by an arc of lightning!
Flame seeps out of the elephant.
The elephant is severely wounded.
The elephant is struck by an arc of lightning!
Flame seeps out of the elephant.
The elephant is heavily wounded.
The lightning grounds out.
The elephant is struck by an arc of lightning!
Flame seeps out of the elephant.
The elephant is severely wounded.
The lightning grounds out.
The elephant is engulfed in blazing flames.
Flame seeps out of the elephant.
The elephant barely misses you. The elephant closely misses you.
The elephant is engulfed in blazing flames.
Flame seeps out of the elephant.
The elephant closely misses you.
The elephant trunk-slaps you but does no damage.
The eight-headed hydra is engulfed in blazing flames.
Casting: Static Discharge (safe; 1% risk of failure)
Confirm with . or Enter, or press ? or * to list all spells.
The elephant is struck by an arc of lightning!
Flame seeps out of the elephant.
The elephant is almost dead.
The lightning grounds out.
The elephant is struck by an arc of lightning!
The elephant is struck by an arc of lightning.
You are struck by an arc of lightning.
The lightning grounds out.
The elephant explodes!
The fiery explosion engulfs the eight-headed hydra!!!
You kill the eight-headed hydra!
The fiery explosion engulfs you!!
* * * LOW HITPOINT WARNING * * *
The elephant explodes!
The fiery explosion engulfs you!!
* * * LOW HITPOINT WARNING * * *
You are engulfed in blazing flames.
You die...

... ##..... #...... .
........ .. ..#.....###
... .P........# ...
....#...#.##### .. .
..........☼§#○##.#...#
.......#.#§.§○@.......
.......#.#####.)......
........## ###.......
...P.S.Y## .#.....
.......D.## . ...#
#.........# #....#
#........Y### #..P#
#.###.#...YP#####PY..##
. ###.....P##.Y......


There were no monsters in sight!

Vanquished Creatures
  3 hydras
  A two-headed ogre (D:10)
  2 elephants (Lair:4)
  3 black mambas
  3 cane toads (Lair:2)
  2 komodo dragons
  2 rime drakes (Lair:2)
  2 trolls
  Prince Ribbit (D:8)
  24 yaks
  A wyvern (D:9)
  A redback (Lair:2)
  A steam dragon (D:6)
  Menkaure (D:4)
  7 water moccasins
  3 acid dragons
  4 orc warriors
  4 sky beasts
  4 black bears
  A necrophage (D:6)
  3 ogres
  2 centaurs
  6 wolves
  4 kobold brigands
  7 bullfrogs
  3 gnoll sergeants
  5 scorpions
  A water moccasin zombie (D:6)
  A howler monkey (D:10)
  9 wights
  5 centaur zombies
  5 orc priests
  2 human zombies (Ossuary)
  A jelly (D:5)
  2 hounds
  3 iguanas
  2 gnoll shamans
  Natasha (thrice) (D:3)
  6 orc wizards
  6 mummies (Ossuary)
  2 howler monkey zombies
  20 gnolls
  13 adders
  A shadow imp (D:3)
  3 white imps
  4 worms
  3 dart slugs
  35 orcs
  8 endoplasms
  2 giant cockroaches (D:1)
  6 hobgoblins
  4 quokkas
  6 ball pythons
  2 bats
  5 frilled lizards
  2 gnoll zombies (Ossuary)
  7 goblins
  3 kobolds
  A kobold zombie (Ossuary)
  An orc zombie (Ossuary)
  7 rats
281 creatures vanquished.

Vanquished Creatures (collateral kills)
  An ogre (D:6)
1 creature vanquished.

Vanquished Creatures (others)
  15 fungi (Lair:2)
  28 plants
43 creatures vanquished.

Grand Total: 325 creatures vanquished

Notes
Turn   | Place    | Note
-------+----------+-------------------------------------------
     0 | D:1      | pkoi the Demigod Air Elementalist began the quest for the
                  | Orb.
     0 | D:1      | Reached XP level 1. HP: 14/14 MP: 5/5
   187 | D:1      | Reached skill level 3 in Air Magic
   445 | D:1      | Reached XP level 2. HP: 11/20 MP: 1/7
  1348 | D:1      | Reached skill level 4 in Air Magic
  1348 | D:1      | Reached XP level 3. HP: 20/26 MP: 0/8
  1496 | D:1      | HP: 1/26 [poisoned by an adder]
  2652 | D:2      | Reached XP level 4. HP: 20/33 MP: 2/9
  3267 | D:3      | Reached skill level 5 in Air Magic
  3517 | D:3      | Learned a level 3 spell: Swiftness
  3534 | D:3      | Learned a level 2 spell: Static Discharge
  4049 | D:3      | Noticed Natasha
  4058 | D:3      | Killed Natasha
  4230 | D:3      | Noticed Natasha
  4253 | D:3      | Killed Natasha
  4254 | D:3      | Reached XP level 5. HP: 27/38 MP: 4/10
  4510 | D:3      | Noticed Natasha
  4519 | D:3      | Killed Natasha
  5211 | D:4      | Reached skill level 6 in Air Magic
  5514 | D:4      | Noticed a black bear
  5617 | D:4      | Noticed Menkaure
  5627 | D:4      | Killed Menkaure
  5628 | D:4      | Reached skill level 1 in Armour
  5628 | D:4      | Reached XP level 6. HP: 27/45 MP: 5/11
  6735 | D:5      | Entered Level 5 of the Dungeon
  6767 | D:5      | Reached skill level 7 in Air Magic
  6767 | D:5      | Reached XP level 7. HP: 50/50 MP: 7/13
  7892 | D:5      | Reached skill level 8 in Air Magic
  7892 | D:5      | Reached XP level 8. HP: 25/57 MP: 14/14
  7899 | D:6      | Learned a level 4 spell: Airstrike
  8121 | D:6      | Found a sand-covered staircase.
  8125 | Ossuary  | Entered an ossuary
  8227 | Ossuary  | Reached skill level 5 in Armour
  9325 | D:6      | Identified a scroll of acquirement
  9325 | D:6      | Acquired the Papyrus of Dusty Combat Magic
 10106 | D:6      | Reached skill level 1 in Fighting
 11455 | D:7      | Reached skill level 9 in Air Magic
 11760 | D:7      | Found a staircase to the Ecumenical Temple.
 11969 | D:7      | Reached XP level 9. HP: 55/67 MP: 2/16
 12733 | D:7      | Learned a level 3 spell: Inner Flame
 13119 | D:8      | Found Gemur's Jewellery Shoppe.
 13289 | D:8      | Noticed Prince Ribbit
 13292 | D:8      | Killed Prince Ribbit
 13293 | D:8      | Reached skill level 1 in Hexes
 13508 | D:8      | Got Asmodeus's Compendium of Ignition
 13509 | D:8      | Identified the amulet "Jymm" {Spirit Will- Int+4 Dex+5}
 13580 | D:8      | Identified the +4 quick blade "Lesin" {freeze, rN+ Will+}
 13614 | D:8      | Reached skill level 1 in Fire Magic
 15291 | D:9      | Reached skill level 1 in Conjurations
 16066 | D:9      | Found Lasy's General Store.
 16067 | D:9      | Found Gudgh's Specific Store.
 16169 | D:9      | Identified the ring "Moyng" {rPois rC+ Str+3 Dex+2}
 16868 | D:9      | Found a staircase to the Lair.
 17095 | D:9      | Found a staircase to the Orcish Mines.
 17099 | D:9      | Reached XP level 10. HP: 73/73 MP: 12/19
 17618 | Lair:1   | Entered Level 1 of the Lair of Beasts
 18018 | Lair:1   | Noticed a black mamba
 18026 | Lair:1   | Killed a black mamba
 18624 | Lair:1   | Found a runed translucent door.
 18624 | Lair:1   | Noticed pkoi's ghost (journeyman DgAr)
 18665 | Lair:1   | Reached skill level 10 in Air Magic
 19621 | Lair:2   | Noticed an eight-headed hydra
 19939 | Lair:2   | Noticed a boulder beetle
 20253 | D:10     | Entered Level 10 of the Dungeon
 20359 | D:10     | Reached XP level 11. HP: 79/79 MP: 14/20
 20627 | D:10     | Noticed a two-headed ogre
 20633 | D:10     | Killed a two-headed ogre
 22738 | Lair:2   | Learned a level 5 spell: Lightning Bolt
 22813 | Lair:2   | Found a hole to the Spider Nest.
 22833 | Lair:2   | Noticed a four-headed hydra
 22844 | Lair:2   | Killed a four-headed hydra
 22845 | Lair:2   | Reached skill level 5 in Stealth
 23610 | Lair:2   | Reached skill level 5 in Hexes
 24292 | Lair:2   | Reached skill level 5 in Fire Magic
 24577 | Lair:2   | Killed an eight-headed hydra
 25223 | Lair:3   | Reached skill level 5 in Conjurations
 25457 | Lair:3   | You fall into a shaft and drop 1 floor!
 25458 | Lair:4   | Noticed an eight-headed hydra
 25485 | Lair:4   | Killed an eight-headed hydra
 25485 | Lair:4   | Engulfed by a cloud of flame

Illustrated notes

Levels and vault maps discovered:
D:1:      ncdulo_watergridlock, layout_loops_ring,
          ebering_ecumenical_altar_rust, corner_web_ring, serial_bayou_ford_a,
          minmay_split_cup_large
D:2:      layout_basic
D:3:      layout_loops_ring, nicolae_tso_carved_into_rock,
          roderic_serpentine_path, uniq_natasha
D:4:      wad_pebble_path, layout_basic, ldierk_geyser, item_on_display_a,
          uniq_menkaure
D:5:      layout_rooms, serial_glass, glass_columns_b, glass_columns_b
D:6:      layout_loops_ring, pf_just_have_faith, nicolae_ossuary_entry_plus,
          minmay_fractal_squares_gapless_5
D:7:      layout_cave_pods, temple_hall, dk_noncrumbling_3
D:8:      layout_rooms, serial_glass, glass_columns_b, glass_columns_a,
          glass_columns_c, glass_columns_b, glass_columns_c, glass_columns_b,
          glass_columns_a, glass_columns_c, glass_columns_a, glass_columns_a,
          glass_columns_a, glass_columns_b, glass_columns_b, glass_columns_c,
          minivault_5, nicolae_stop_n_shop_2, uniq_prince_ribbit1
D:9:      layout_loops_ring, lair_entry_dummy,
          kennysheep_orc_monster_closet_entryway, minmay_splitting_lines,
          nicolae_specific_store
D:10:     layout_basic, minmay_between
Lair:1:   layout_long_grid, gammafunk_ghost_grave, serial_bayou_crossing
Lair:2:   layout_chaotic_city, spider_nest_entry_a, grunt_megastairs_5
Lair:3:   layout_chaotic_city, minmay_swamp_entry_swarm,
          cheibrodos_lair_reptile_den
Lair:4:   layout_misc_corridors, grunt_megastairs_3

Skill      XL: |  1  2  3  4  5  6  7  8  9 10 11 |
---------------+----------------------------------+-----
Air Magic      | 3 4 5 6 7 8 9 10 | 10.8
Spellcasting   | 2 3 4 |  4.0
Armour         | 1 2 4 6 7 8 9 |  9.1
Dodging        | 2 3 |  3.1
Fighting       | 1 2 |  2.2
Hexes          | 2 3 5 |  5.6
Fire Magic     | 2 3 5 |  5.3
Stealth        | 2 4 5 |  5.0
Conjurations   | 1 3 5 |  5.1

Action                   |  1- 3 |  4- 6 |  7- 9 | 10-12 || total
-------------------------+-------+-------+-------+-------++-------
Melee: Club              |    19 |     3 |       |       ||    22
       Dagger            |       |    24 |   130 |       ||   154
       Punch             |       |       |     5 |       ||     5
       Quick blade       |       |       |     8 |    66 ||    74
 Cast: Shock             |    81 |   133 |   130 |    91 ||   435
       Airstrike         |       |       |    90 |    67 ||   157
       Inner Flame       |       |       |    14 |    46 ||    60
       Static Discharge  |       |       |       |     3 ||     3
       Swiftness         |       |       |       |     1 ||     1
Evoke: Wand              |       |       |       |     2 ||     2
  Use: Scroll            |       |     8 |    12 |     3 ||    23
 Stab: Sleeping          |       |     1 |     6 |     1 ||     8
Armor: Robe              |     7 |     2 |    19 |       ||    28
       Ring mail         |       |     8 |    77 |    49 ||   134
Dodge: Dodged            |    36 |    29 |    83 |    57 ||   205
